 Dungeon Crawl Stone Soup version 0.23-a0-315-ga85b81c (webtiles) character file.

45 Garbasso the Ruffian (level 3, -1/36 HPs)
             Began as an Ogre Transmuter on Oct 13, 2018.
             Slain by Sigmund
             ... wielding a +0 scythe
              (11 damage)
             ... on level 2 of the Dungeon.
             The game lasted 00:04:38 (1598 turns).

Garbasso the Ruffian (Ogre Transmuter)              Turns: 1598, Time: 00:04:39

Health: -1/36      AC:  2    Str: 14    XL:     3   Next: 64%
Magic:  4/6        EV: 19    Int: 15    God:
Gold:   25         SH:  0    Dex: 14    Spells: 0/6 levels left

rFire    . . .     SeeInvis .     - Unarmed
rCold    . . .     Gourm    .   (shield currently unavailable)
rNeg     . . .     Faith    .   (armour currently unavailable)
rPois    x         Spirit   .   (helmet currently unavailable)
rElec    .         Reflect  .   (cloak currently unavailable)
rCorr    .         Harm     .   (gloves unavailable)
MR       .....                  (boots unavailable)
Stlth    +.........             (no amulet)
HPRegen  0.12/turn              (no ring)
MPRegen  0.10/turn              (no ring)

@: spider-form (expiring)
A: tiny, unfitting armour
a: End Transformation


You were on level 2 of the Dungeon.
You were not hungry.
You were a venomous arachnid creature.
You visited 1 branch of the dungeon, and saw 2 of its levels.

You collected 25 gold pieces.

Inventory:

Missiles
 a - 48 arrows
Armour
 b - a +0 robe (melded)
Scrolls
 c - a scroll of identify {unknown}
 e - a scroll of teleportation {unknown}
 g - a scroll of amnesia {unknown}
 h - a scroll of remove curse {unknown}
Potions
 f - a potion of curing {unknown}
 i - a potion of degeneration {unknown}
Comestibles
 d - a ration


   Skills:
 + Level 2.8 Fighting
 - Level 2.0 Dodging
 - Level 3.0 Unarmed Combat
 - Level 2.4 Spellcasting
 + Level 2.3 Transmutations
 * Level 0.8 Poison Magic


You couldn't memorise any spells.
You knew the following spells:

 Your Spells              Type           Power        Failure   Level  Hunger
a - Beastly Appendage     Tmut           #.....       22%         1    #......
b - Sticks to Snakes      Tmut           #.......     28%         2    ###....
c - Spider Form           Tmut/Pois      #.........   54%         3    ###....

Your spell library contained the following spells:

 Spells                   Type           Power        Failure   Level  Hunger
 Ice Form                 Ice/Tmut       #.......     91%         4    #####..
 Blade Hands              Tmut           #.........   98%         5    ######.


Dungeon Overview and Level Annotations

Branches:
Dungeon (2/15)

Altars:
Uskayaw

Annotations:
D:2 Sigmund


Innate Abilities, Weirdness & Mutations

You are too large for most types of armour.
((You have tough skin. (AC +1)))


Message History

You climb downwards.
Level annotation: Sigmund The goblin hits you but does no damage.
Sigmund misses you. The goblin misses you.
There is a stone staircase leading up here.
The goblin closely misses you.
Sigmund mumbles some strange words.
Sigmund flickers and vanishes!
Deactivating autopickup; reactivate with Ctrl-A.
You hit the goblin.
The goblin is severely wounded.
Your transformation is almost over.
The goblin closely misses you. Something hits you!
You barely miss something. The goblin hits you with a dagger.
You miss something. Something hits you! The goblin hits you with a dagger.
You bite something! The goblin completely misses you. Something hits you.
* * * LOW HITPOINT WARNING * * *
You closely miss something. The goblin closely misses you.
You closely miss something. Something hits you!
You die...

.# ## ## ... .!.. #.# .#.
#.(## .. #...##.# ###....####
# #...g<##.. ..
#...###s##.###..# .
#.{#.....# ###....# # #
#####.....## #.#.
##.....##..#
#...###..####)...######
#....#.<#####.#.......#
#......###...#.......## ####
#..._...#...##......@.####.@.


You could see a goblin.

Vanquished Creatures
  An adder (D:2)
  A shadow imp (D:2)
  2 dart slugs (D:1)
  A leopard gecko (D:1)
  A giant cockroach (D:1)
  7 jackals (D:1)
  3 kobolds
  A bat (D:1)
  A frilled lizard (D:1)
  4 rats (D:1)
22 creatures vanquished.

Vanquished Creatures (collateral kills)
  2 bats (D:1)
2 creatures vanquished.

Grand Total: 24 creatures vanquished

Notes
Turn   | Place    | Note
-------+----------+-------------------------------------------
     0 | D:1      | Garbasso the Ogre Transmuter began the quest for the Orb.
     0 | D:1      | Reached XP level 1. HP: 19/19 MP: 3/3
   205 | D:1      | Reached skill level 3 in Unarmed Combat
   205 | D:1      | Reached XP level 2. HP: 22/28 MP: 1/5
   225 | D:1      | Learned a level 2 spell: Sticks to Snakes
   947 | D:1      | Reached XP level 3. HP: 29/36 MP: 4/6
   952 | D:1      | Learned a level 3 spell: Spider Form
  1256 | D:2      | Found a hide-covered altar of Uskayaw.
  1256 | D:2      | Noticed a hand axe
  1256 | D:2      | Noticed a hand axe
  1356 | D:2      | Noticed Sigmund
  1598 | D:2      | Slain by Sigmund

Vault maps used:
D:1:      sevenhm_arrival_forest_fort_small_3
D:2:      old_standard_altar, lemuel_round_altar, dancing_weapons_uskayaw,
          chequers_ecumenical_altar_simple_redux, uniq_robin, uniq_sigmund

Skill      XL: |  1  2 |
---------------+-------+-----
Dodging        | 2 |  2.0
Unarmed Combat | 3 |  3.0
Fighting       | 2 |  2.8
Transmutations | 2 |  2.3
Spellcasting   | |  2.4
Poison Magic   | |  0.8

Action                   || total
-------------------------++-------
Melee: Unarmed           ||   115
       Kick              ||    13
       Punch             ||     6
       Headbutt          ||     1
 Cast: Beastly Appendage ||     9
       Sticks to Snakes  ||     3
       Spider Form       ||     2
  Eat: Chunk             ||     1
       Ration            ||     1
Armor: Robe              ||    37
       Skin              ||     2
Dodge: Dodged            ||    82

Table legend:
 A = Non-vault XP
 B = Vault XP
 C = Vault XP percentage of total XP
 D = Non-vault monster count
 E = Vault monster count
 F = Vault count percentage of total count
                 A         B        C        D         E       F
            +---------+---------+-------+---------+---------+-------
      Total |      65 |       0 |   0.0 |      24 |       0 |   0.0
            +---------+---------+-------+---------+---------+-------
        D:1 |      39 |       0 |   0.0 |      21 |       0 |   0.0
        D:2 |      26 |       0 |   0.0 |       3 |       0 |   0.0
            +---------+---------+-------+---------+---------+-------
